 Dungeon Crawl Stone Soup version 0.29.0-4-gdea44cf6ec (webtiles) character file.

Game seed: 14353596429609501634

1363 qw the Cleaver (level 8, -6/48 HPs)
             Began as a Tengu Warper on Aug 28, 2022.
             Mangled by an orc
             ... wielding a +2 flail of protection
              (9 damage)
             ... on level 6 of the Dungeon.
             The game lasted 00:00:36 (5696 turns).

qw the Cleaver (Tengu Warper)                       Turns: 5696, Time: 00:00:36

Health: -6/48      AC: 16    Str: 13    XL:     8   Next: 64%
Magic:  12/12      EV:  7    Int: 14    God:
Gold:   265        SH:  0    Dex: 14    Spells: 11/11 levels left

rFire   . . .      SeeInvis .   Y - +2 hand axe (protect)
rCold   . . .      Faith    .   (no shield)
rNeg    . . .      Spirit   .   g - +0 chain mail
rPois   .          Reflect  .   (helmet restricted)
rElec   .          Harm     .   (no cloak)
rCorr   .          Rampage  .   (no gloves)
Will    .....                   (boots unavailable)
Stlth   ..........              d - amulet of regeneration
HPRegen 0.96/turn               (no ring)
MPRegen 0.13/turn               (no ring)

@: weakened, under a protective aura, flying quickly and evasively, quick
A: beak, talons 3, nimble flight
a: no special abilities


You were on level 6 of the Dungeon.
You visited 1 branch of the dungeon, and saw 6 of its levels.

You collected 265 gold pieces.


Innate Abilities, Weirdness & Mutations

You have a beak for a mouth.
You have claws for feet.
Your magical nature lets you fly swiftly and evasively.


   Skills:
 + Level 4.6 Fighting
 - Level 10.1 Axes
 - Level 1.0 Throwing
 - Level 3.0 Armour
 - Level 2.1 Dodging
 - Level 2.0 Spellcasting
 - Level 2.4 Translocations


You had 11 spell levels left.
You didn't know any spells.
Your spell library contained the following spells:

 Spells                   Type           Power      Damage    Failure   Level
 Blink                    Tloc           16%        N/A       99%         2
 Gell's Gravitas          Tloc           8%         N/A       100%        3
 Lesser Beckoning         Tloc           8%         N/A       100%        3
 Teleport Other           Tloc           8%         N/A       100%        3
 Manifold Assault         Tloc           8%         N/A       100%        5

Inventory:

Hand Weapons
 c - a +2 flail of protection
 Y - a +2 hand axe of protection (weapon)
Armour
 g - a +0 chain mail (worn)
Jewellery
 d - an amulet of regeneration (around neck)
Scrolls
 a - 5 scrolls of identify
 b - a scroll of enchant armour
 e - 2 scrolls of fear {unknown}
 f - a scroll of teleportation {unknown}
Potions
 i - a potion of resistance
 m - 4 potions of curing

Dungeon Overview and Level Annotations

Branches:
Dungeon (6/15)
 Temple: D:4-7

Altars:
Qazlal
Zin

Shops:
D:1 (

Annotations:
D:3 3 runed translucent doors, qw's ghost, amateur TeWr


Message History

The orc hits you from afar with a +3 trident of freezing.
The orc freezes you. The orc wizard completely misses you.
The gnoll bouda hits you but does no damage.
The gnoll barely misses you.
You hit the orc wizard but do no damage.
You claw the orc wizard.
You peck the orc wizard, but do no damage.
The orc wizard is severely wounded.
You hit the gnoll bouda but do no damage.
You hit the gnoll but do no damage. You hit the iguana but do no damage.
The gnoll hits you but does no damage.
You closely miss the orc wizard. Your kick misses the orc wizard.
Your peck misses the orc wizard.
The orc wizard is severely wounded.
You hit the iguana but do no damage.
You hit the gnoll bouda but do no damage.
You barely miss the gnoll. The iguana barely misses you.
The orc wizard hits you but does no damage.
The orc hits you but does no damage.
The gnoll bouda hits you but does no damage.
The gnoll barely misses you. The gnoll hits you with a +0 whip.
You slash the orc wizard!
You kill the orc wizard!
You hit the iguana. You hit the gnoll bouda. You hit the gnoll.
The iguana closely misses you. The gnoll completely misses you.
The orc hits you from afar with a +3 trident of freezing.
The orc freezes you.
The gnoll bouda gazes fiercely through you!
You feel your attacks grow feeble. The gnoll bouda barely misses you.
You hit the gnoll bouda but do no damage.
You peck the gnoll bouda, but do no damage.
The gnoll bouda is severely wounded.
You hit the gnoll but do no damage. You closely miss the orc.
You hit the iguana but do no damage. The gnoll hits you with a +0 whip.
The iguana closely misses you. The orc hits you but does no damage.
The orc hits you with a +2 flail of protection!
You die...

...###
#.............
...#
###......#####
...# #.######
...# #.# ...#
########## #.#
.... .........#
#.# #..P
.........# #.#
...$.gg).# #.#
......g@.# #.#
.....ool)####.#
..............#
.........######
.........#
.........#
##########


You could see a gnoll bouda, an iguana, 2 gnolls and 2 orcs.

Vanquished Creatures
  A water moccasin (D:6)
  A black bear (D:5)
  An ice beast (D:6)
  An ogre (D:4)
  2 phantoms
  A bullfrog (D:6)
  5 scorpions
  A jelly (D:5)
  3 hounds
  A gnoll bouda (D:6)
  2 iguanas (D:5)
  An orc wizard (D:6)
  10 gnolls
  9 adders
  A white imp (D:6)
  A dart slug (D:5)
  3 orcs
  3 ball pythons
  4 endoplasms
  2 giant cockroaches
  8 goblins
  11 hobgoblins
  4 quokkas
  3 bats
  4 frilled lizards
  13 kobolds
  8 rats
104 creatures vanquished.

Vanquished Creatures (others)
  2 fungi (D:3)
  2 plants (D:3)
4 creatures vanquished.

Grand Total: 108 creatures vanquished

Notes
Turn   | Place    | Note
-------+----------+-------------------------------------------
     0 | D:1      | qw the Tengu Warper began the quest for the Orb.
     0 | D:1      | Reached XP level 1. HP: 12/12 MP: 4/4
     0 | D:1      | 0 ||| qw: Version: 0.1-a-89-g26bdef1
     0 | D:1      | 0 ||| qw: Game counter: 1534
     0 | D:1      | 0 ||| qw: Always use a shield: true
     0 | D:1      | 0 ||| qw: God list: Okawaru
     0 | D:1      | 0 ||| qw: Allow faded altars: false
     0 | D:1      | 0 ||| qw: Do Orc after D:15 true
     0 | D:1      | 0 ||| qw: Do second Lair branch before Depths: true
     0 | D:1      | 0 ||| qw: Lair rune preference: random
     0 | D:1      | 0 ||| qw: Plans: Normal
     0 | D:1      | 0 ||| PLANNING D:1-11
   222 | D:1      | Found a faded altar of an unknown god.
   236 | D:1      | Reached XP level 2. HP: 12/17 MP: 6/6
   417 | D:1      | Reached skill level 3 in Axes
   836 | D:1      | Found Nabroacs's Weapon Boutique.
   890 | D:1      | 890 ||| UPGRADING to +0 scale mail.
   900 | D:1      | 900 ||| DROPPING +0 leather armour.
   901 | D:1      | 901 ||| READING 2 scrolls labelled HIMNUSAURAO.
   902 | D:1      | 902 ||| READING 2 scrolls labelled VELOOS CENEHO.
   903 | D:1      | 903 ||| READING scroll of enchant weapon.
   903 | D:1      | 903 ||| ENCHANTING +1 hand axe.
   904 | D:1      | 904 ||| DRINKING 2 golden potions.
   905 | D:1      | 905 ||| DROPPING scroll of blinking.
   935 | D:2      | 935 ||| STAIRDANCE
   987 | D:2      | 987 ||| Stepping ~*~*~tactically~*~*~ (stealth).
   988 | D:2      | 988 ||| Stepping ~*~*~tactically~*~*~ (stealth).
   999 | D:2      | Reached XP level 3. HP: 21/21 MP: 7/7
  1029 | D:2      | 1029 ||| Stepping ~*~*~tactically~*~*~ (stealth).
  1032 | D:2      | 1032 ||| Stepping ~*~*~tactically~*~*~ (stealth).
  1094 | D:2      | 1094 ||| Stepping ~*~*~tactically~*~*~ (stealth).
  1152 | D:2      | 1152 ||| Stepping ~*~*~tactically~*~*~ (stealth).
  1153 | D:2      | 1153 ||| Stepping ~*~*~tactically~*~*~ (stealth).
  1301 | D:2      | 1301 ||| Stepping ~*~*~tactically~*~*~ (stealth).
  1332 | D:2      | Reached skill level 4 in Axes
  1748 | D:2      | 1748 ||| DROPPING amulet of magic regeneration.
  1749 | D:2      | 1749 ||| READING scroll labelled ENNEBEL SOTITT.
  1871 | D:2      | 1871 ||| READING scroll labelled LEOSUTZUME.
  1872 | D:2      | 1872 ||| READING scroll labelled SUDOOZ GIOPS.
  1873 | D:2      | 1873 ||| READING 3 scrolls of identify.
  1873 | D:2      | 1873 ||| IDENTIFYING red potion
  1874 | D:2      | 1874 ||| READING 2 scrolls of identify.
  1874 | D:2      | 1874 ||| IDENTIFYING sapphire potion
  1875 | D:2      | 1875 ||| DROPPING potion of attraction.
  1876 | D:2      | 1876 ||| DROPPING potion of flight.
  1914 | D:3      | 1914 ||| DROPPING +0 whip.
  1942 | D:3      | Reached XP level 4. HP: 26/26 MP: 8/8
  1993 | D:3      | 1993 ||| Stepping ~*~*~tactically~*~*~ (stealth).
  2099 | D:3      | 2099 ||| FLEEEEING.
  2103 | D:3      | 2103 ||| FLEEEEING.
  2104 | D:3      | 2104 ||| FLEEEEING.
  2105 | D:3      | 2105 ||| FLEEEEING.
  2106 | D:3      | 2106 ||| FLEEEEING.
  2107 | D:3      | 2107 ||| FLEEEEING.
  2108 | D:3      | 2108 ||| FLEEEEING.
  2109 | D:3      | 2109 ||| FLEEEEING.
  2110 | D:3      | 2110 ||| FLEEEEING.
  2111 | D:3      | 2111 ||| FLEEEEING.
  2112 | D:3      | 2112 ||| FLEEEEING.
  2113 | D:3      | 2113 ||| FLEEEEING.
  2114 | D:3      | 2114 ||| FLEEEEING.
  2115 | D:3      | 2115 ||| FLEEEEING.
  2116 | D:3      | 2116 ||| FLEEEEING.
  2117 | D:3      | 2117 ||| FLEEEEING.
  2118 | D:3      | 2118 ||| FLEEEEING.
  2119 | D:3      | 2119 ||| STAIRDANCE
  2177 | D:2      | 2177 ||| READING scroll labelled CALAHE TIOBOIGH.
  2221 | D:3      | Reached skill level 5 in Axes
  2286 | D:3      | Noticed a scorpion
  2295 | D:3      | Killed a scorpion
  2296 | D:3      | Gained mutation: Your magical nature lets you fly swiftly
                  | and evasively. [Tengu growth]
  2296 | D:3      | Reached XP level 5. HP: 25/30 MP: 9/9
  2605 | D:3      | Found a runed translucent gate.
  2606 | D:3      | Noticed qw's ghost (amateur TeWr)
  2607 | D:3      | Found a runed translucent gate.
  2607 | D:3      | Noticed a kobold brigand
  2609 | D:3      | Found a runed translucent gate.
  2610 | D:3      | Identified the +0 helmet of Nuruog {Regen+}
  2805 | D:3      | Found a stormy altar of Qazlal.
  2940 | D:3      | 2940 ||| UPGRADING to +0 chain mail.
  2950 | D:3      | 2950 ||| DROPPING +0 scale mail.
  2951 | D:3      | 2951 ||| READING 2 scrolls labelled RESMYAROEN.
  2952 | D:3      | 2952 ||| READING scroll labelled USEUBAOFAXT.
  2953 | D:3      | 2953 ||| READING scroll labelled NYICWOU WULADD.
  2954 | D:3      | 2954 ||| READING scroll labelled PEAWEU HASUXO.
  2955 | D:3      | 2955 ||| DRINKING 2 white potions.
  2956 | D:3      | 2956 ||| READING 2 scrolls of identify.
  2956 | D:3      | 2956 ||| IDENTIFYING bubbling black potion
  2957 | D:3      | 2957 ||| DROPPING potion of brilliance.
  3018 | D:4      | Found a glowing silver altar of Zin.
  3038 | D:4      | 3038 ||| Stepping ~*~*~tactically~*~*~ (hiding).
  3041 | D:4      | 3041 ||| Stepping ~*~*~tactically~*~*~ (hiding).
  3042 | D:4      | 3042 ||| Stepping ~*~*~tactically~*~*~ (hiding).
  3043 | D:4      | 3043 ||| Stepping ~*~*~tactically~*~*~ (hiding).
  3045 | D:4      | 3045 ||| Stepping ~*~*~tactically~*~*~ (hiding).
  3048 | D:4      | 3048 ||| Stepping ~*~*~tactically~*~*~ (hiding).
  3139 | D:4      | Noticed an ogre
  3141 | D:4      | 3141 ||| Stepping ~*~*~tactically~*~*~ (stealth).
  3148 | D:4      | Killed an ogre
  3149 | D:4      | Reached skill level 6 in Axes
  3149 | D:4      | Reached XP level 6. HP: 22/35 MP: 10/10
  3156 | D:4      | HP: 8/35 [poisoned by a scorpion]
  3888 | D:4      | Reached skill level 7 in Axes
  3894 | D:4      | 3894 ||| FLEEEEING.
  3895 | D:4      | 3895 ||| FLEEEEING.
  3896 | D:4      | 3896 ||| FLEEEEING.
  3897 | D:4      | 3897 ||| FLEEEEING.
  3898 | D:4      | 3898 ||| FLEEEEING.
  3899 | D:4      | 3899 ||| FLEEEEING.
  3900 | D:4      | 3900 ||| FLEEEEING.
  3901 | D:4      | 3901 ||| FLEEEEING.
  3902 | D:4      | 3902 ||| FLEEEEING.
  3905 | D:4      | 3905 ||| FLEEEEING.
  3906 | D:4      | 3906 ||| FLEEEEING.
  3907 | D:4      | 3907 ||| FLEEEEING.
  3908 | D:4      | 3908 ||| FLEEEEING.
  3910 | D:4      | 3910 ||| FLEEEEING.
  3911 | D:4      | 3911 ||| FLEEEEING.
  3916 | D:4      | 3916 ||| FLEEEEING.
  3917 | D:4      | 3917 ||| FLEEEEING.
  3918 | D:4      | 3918 ||| FLEEEEING.
  3919 | D:4      | 3919 ||| STAIRDANCE
  3961 | D:3      | 3961 ||| Stepping ~*~*~tactically~*~*~ (stealth).
  4034 | D:3      | 4034 ||| UPGRADING to amulet of regeneration.
  4039 | D:3      | 4039 ||| READING scroll labelled OKHUCA ZATUPEAF.
  4122 | D:4      | Reached skill level 3 in Fighting
  4266 | D:4      | 4266 ||| Stepping ~*~*~tactically~*~*~ (stealth).
  4320 | D:5      | Entered Level 5 of the Dungeon
  4421 | D:5      | Reached XP level 7. HP: 41/41 MP: 11/11
  4556 | D:5      | Reached skill level 8 in Axes
  4626 | D:5      | 4626 ||| Stepping ~*~*~tactically~*~*~ (stealth).
  4628 | D:5      | 4628 ||| Stepping ~*~*~tactically~*~*~ (stealth).
  4630 | D:5      | 4630 ||| Stepping ~*~*~tactically~*~*~ (stealth).
  4632 | D:5      | 4632 ||| Stepping ~*~*~tactically~*~*~ (stealth).
  4766 | D:5      | Reached skill level 9 in Axes
  5057 | D:5      | 5057 ||| DROPPING orb of mayhem.
  5205 | D:6      | 5205 ||| Stepping ~*~*~tactically~*~*~ (stealth).
  5207 | D:6      | 5207 ||| Stepping ~*~*~tactically~*~*~ (hiding).
  5209 | D:6      | 5209 ||| Stepping ~*~*~tactically~*~*~ (hiding).
  5210 | D:6      | 5210 ||| Stepping ~*~*~tactically~*~*~ (hiding).
  5215 | D:6      | Reached skill level 3 in Armour
  5215 | D:6      | Reached XP level 8. HP: 46/46 MP: 12/12
  5552 | D:6      | Reached skill level 10 in Axes
  5694 | D:6      | HP: 9/48 [gnoll/+0 whip[a gnoll bouda] (6)]
  5696 | D:6      | HP: 3/48 [gnoll/+0 whip[a gnoll bouda] (5)]
  5696 | D:6      | Mangled by an orc

Levels and vault maps discovered:
D:1:      psy_arrival_radial01, layout_basic, ebering_ecumenical_altar_webs,
          serial_shops, nicolae_lakefront_shop, corexii_corridor_pit
D:2:      layout_loops_ring
D:3:      layout_loops_ring, lemuel_round_altar, gammafunk_ghost_nasty_kobolds,
          minmay_starry_boxes
D:4:      layout_basic, mainiacjoe_overflow_surrounded_room, serial_forest,
          infiniplex_forest_straight_3, infiniplex_forest_end_3,
          infiniplex_forest_lined_3, infiniplex_forest_clump_small,
          infiniplex_forest_lined_corner, infiniplex_forest_end_2,
          infiniplex_forest_end_1, infiniplex_forest_lined_room_, hex_medium,
          grunt_ministairs_3
D:5:      layout_basic, nicolae_hexahallways
D:6:      layout_basic, minmay_temple_entry_overgrown

Skill      XL: |  1  2  3  4  5  6  7  8 |
---------------+-------------------------+-----
Axes           | 3 4 5 6 7 9 10 | 10.1
Armour         | 2 3 |  3.0
Fighting       | 3 4 |  4.6
Throwing       | |  1.0
Dodging        | |  2.1
Spellcasting   | |  2.0
Translocations | |  2.4

Action                   |  1- 3 |  4- 6 |  7- 9 || total
-------------------------+-------+-------+-------++-------
Melee: Hand axe          |    74 |   100 |   142 ||   316
       Peck              |     8 |    19 |    23 ||    50
       Kick              |    10 |    34 |    48 ||    92
       Punch             |       |     1 |     1 ||     2
Throw: Boomerang         |    18 |    34 |       ||    52
  Use: Scroll            |     8 |     7 |       ||    15
       Potion            |     1 |     1 |       ||     2
Armor: Leather armour    |     2 |       |       ||     2
       Scale mail        |    22 |    12 |       ||    34
       Chain mail        |       |    34 |    95 ||   129
Dodge: Dodged            |    26 |    30 |    57 ||   113

Table legend:
 A = Non-vault XP
 B = Vault XP
 C = Vault XP percentage of total XP
 D = Non-vault monster count
 E = Vault monster count
 F = Vault count percentage of total count
                 A         B        C        D         E       F
            +---------+---------+-------+---------+---------+-------
      Total |    1818 |     130 |   6.7 |      95 |       9 |   8.7
            +---------+---------+-------+---------+---------+-------
        D:1 |      17 |       0 |   0.0 |      13 |       0 |   0.0
        D:2 |      44 |       0 |   0.0 |      20 |       0 |   0.0
        D:3 |     126 |      25 |  16.6 |      14 |       7 |  33.3
        D:4 |     280 |     105 |  27.3 |      15 |       2 |  11.8
        D:5 |     594 |       0 |   0.0 |      14 |       0 |   0.0
        D:6 |     757 |       0 |   0.0 |      19 |       0 |   0.0
            +---------+---------+-------+---------+---------+-------
